 Dungeon Crawl Stone Soup version 0.31-a0-232-gb1c03b2570 (webtiles) character file.

Game seed: 16251512952898094772

146 qw the Shooter (level 5, -10/30 HPs)
             Began as a Gargoyle Hexslinger on July 7, 2023.
             Mangled by a gnoll
             ... wielding a +0 halberd
              (12 damage)
             ... on level 3 of the Dungeon.
             The game lasted 00:00:43 (1951 turns).

qw the Shooter (Gargoyle Hexslinger)                Turns: 1951, Time: 00:00:44

Health: -10/30     AC:  9    Str: 11    XL:     5   Next: 28%
Magic:  6/6        EV: 10    Int: 14    God:
Gold:   166        SH:  0    Dex: 14    Spells: 5/6 levels left

rFire   . . .        Y - +2 sling
rCold   . . .        (no shield)
rNeg    + . .        a - +0 ring mail
rPois   inf          (no helmet)
rElec   +            (no cloak)
rCorr   .            (no gloves)
SInv    .            (no boots)
Will    .....        (no amulet)
Stlth   +            (no ring)
HPRegen 0.25/turn    (no ring)
MPRegen 0.10/turn

%: no passive effects
@: no status effects
A: sickness immunity, AC +4, negative energy resistance 1, electricity
resistance, torment resistance 1, petrification resistance
a: no special abilities


You were on level 3 of the Dungeon.
You visited 1 branch of the dungeon, and saw 3 of its levels.

You collected 166 gold pieces.


Innate Abilities, Weirdness & Mutations

You are immune to sickness and miasma.
Your stone body is resilient. (AC +4)
You are immune to poison.
You resist negative energy. (rN+)
You are resistant to electric shocks. (rElec)
You are resistant to unholy torment.
You are immune to petrification.


   Skills:
 - Level 2.0 Fighting
 + Level 4.9 Ranged Weapons
 - Level 1.1 Armour
 - Level 1.5 Dodging
 - Level 1.0 Spellcasting
 - Level 2.6 Hexes


You had 5 spell levels left.
You knew the following spells:

 Your Spells              Type           Power      Damage    Failure   Level
a - Slow                  Hex            32%        N/A       21%         1

Your spell library contained the following spells:

 Spells                   Type           Power      Damage    Failure   Level
 Inner Flame              Hex/Fire       4%         N/A       71%         3
 Portal Projectile        Hex/Tloc       8%         N/A       71%         3
 Cause Fear               Hex            4%         N/A       90%         4

Inventory:

Hand Weapons
 Y - a +2 sling (weapon)
Armour
 a - a +0 ring mail (worn)
 b - the +1 robe of Poilyd {Int+4 Stlth+}
   (You found it on level 3 of the Dungeon)

   Int:       It affects your intelligence (+4).
   Stlth:     It makes you more stealthy.
Potions
 c - 2 potions of brilliance {unknown}
 d - a potion of mutation {unknown}
 e - a potion of berserk rage {unknown}
 f - 2 potions of curing {unknown}
 g - a potion of haste {unknown}
 i - a potion of enlightenment {unknown}

Dungeon Overview and Level Annotations

Branches:
Dungeon (3/15)

Altars:

Shops:
D:2 (


Message History

The gnoll is moderately wounded.
The gnoll closely misses you. The gnoll completely misses you.
The gnoll closely misses you.
You shoot a sling bullet.
The sling bullet completely misses the gnoll.
The gnoll barely misses you. The gnoll hits you with a +0 club.
The gnoll closely misses you.
You shoot a sling bullet. The sling bullet hits the gnoll!
The gnoll is almost dead.
The gnoll hits you but does no damage. x2; The gnoll barely misses you. x2
The gnoll hits you but does no damage. x2
You shoot a sling bullet.
The sling bullet closely misses the gnoll.
The gnoll barely misses you. The gnoll hits you but does no damage.
The gnoll barely misses you.
You shoot a sling bullet.
The sling bullet hits the gnoll but does no damage.
The gnoll is almost dead.
The gnoll barely misses you. The gnoll hits you with a +0 club.
The gnoll misses you.
You shoot a sling bullet. The sling bullet hits the gnoll.
You kill the gnoll!
The gnoll closely misses you.
The gnoll hits you from afar with a +0 halberd!
The gnoll barely misses you. The gnoll hits you but does no damage.
You shoot a sling bullet. The sling bullet hits the gnoll!
The gnoll is heavily wounded.
The gnoll hits you with a +0 club.
The gnoll hits you from afar with a +0 halberd.
You shoot a sling bullet.
The sling bullet closely misses the gnoll.
The gnoll hits you but does no damage. The gnoll barely misses you.
You shoot a sling bullet. The sling bullet hits the gnoll.
You kill the gnoll!
The gnoll closely misses you.
The gnoll hits you from afar with a +0 halberd.
You shoot a sling bullet.
The sling bullet barely misses the gnoll.
The gnoll hits you from afar with a +0 halberd!
You die...

## #........##......#
.# #.##....####.....#
.# #.##....####.....#
.# #.##.....##......#
#####.##.##.(....##..#
##....##..###..###)..#
...######...####.....#
##.# #..........## #.#
##..#.)@..## ... #
#.))### .### #g### ##
..g .... ..... .....
....


You could see a gnoll and a goblin.

Vanquished Creatures
  Jessica (D:2)
  3 gnolls (D:3)
  3 adders
  A worm (D:3)
  3 dart slugs
  7 ball pythons
  4 endoplasms
  5 goblins
  4 hobgoblins
  3 jackals (D:1)
  5 quokkas
  6 bats
  2 frilled lizards
  5 kobolds
  7 rats
59 creatures vanquished.

Notes
Turn   | Place    | Note
-------+----------+-------------------------------------------
     0 | D:1      | qw the Gargoyle Hexslinger began the quest for the Orb.
     0 | D:1      | Reached XP level 1. HP: 12/12 MP: 2/2
     0 | D:1      | 0 ||| qw: Version: 0.3-a-46-gb1f654a
     0 | D:1      | 0 ||| qw: Game counter: 2890
     0 | D:1      | 0 ||| qw: Melee chars always use a shield: true
     0 | D:1      | 0 ||| qw: God list: Okawaru
     0 | D:1      | 0 ||| qw: Allow faded altars: false
     0 | D:1      | 0 ||| qw: Do Orc after clearing Dungeon:15 true
     0 | D:1      | 0 ||| qw: Do second Lair branch before Depths: true
     0 | D:1      | 0 ||| qw: Lair rune preference: random
     0 | D:1      | 0 ||| qw: Goals: Normal
     0 | D:1      | 0 ||| PLANNING D:1-11
   212 | D:1      | Reached XP level 2. HP: 16/16 MP: 3/3
   388 | D:1      | You fall into a shaft and drop 1 floor!
   389 | D:2      | Found Dyukiu's Antique Weapon Emporium.
   399 | D:2      | Reached skill level 3 in Ranged Weapons
   399 | D:2      | 399 ||| READING scroll labelled GEOFEP SIPO.
   410 | D:2      | Reached XP level 3. HP: 19/21 MP: 4/4
   488 | D:2      | 488 ||| READING scroll labelled POUMMA JEXEPUO.
   489 | D:2      | 489 ||| READING scroll labelled YMIUCOMURU.
   490 | D:2      | 490 ||| DROPPING scroll of poison.
   493 | D:2      | 493 ||| FLEEEEING.
   496 | D:2      | 496 ||| STAIRDANCE
   752 | D:1      | 752 ||| READING scroll labelled TOLEJI ZUEHINEGG.
  1018 | D:2      | Reached XP level 4. HP: 20/26 MP: 5/5
  1147 | D:2      | Noticed Jessica
  1156 | D:2      | Killed Jessica
  1157 | D:2      | Reached skill level 4 in Ranged Weapons
  1592 | D:2      | 1592 ||| UPGRADING to +0 ring mail.
  1602 | D:2      | 1602 ||| DROPPING +0 robe.
  1603 | D:2      | 1603 ||| READING scroll labelled LYATRAC CENUV.
  1604 | D:2      | 1604 ||| READING scroll labelled REMAF JESTRIWOR.
  1761 | D:3      | Reached skill level 1 in Armour
  1870 | D:3      | Identified the +1 robe of Poilyd {Int+4 Stlth+}
  1923 | D:3      | Reached XP level 5. HP: 28/30 MP: 6/6
  1948 | D:3      | HP: 6/30 [gnoll/+0 halberd (2)]
  1950 | D:3      | HP: 1/30 [gnoll/+0 halberd (5)]
  1951 | D:3      | Mangled by a gnoll

Levels and vault maps discovered:
D:1:      dpeg_arrival_simpleton_b, layout_loops_ring
D:2:      layout_basic, serial_shops, shop, uniq_jessica
D:3:      layout_rooms, grunt_temple_overflow_opulence, serial_shops, shop,
          minmay_strange_pillars, minmay_misc_feat_iff, due_unseen_surprise

Skill      XL: |  1  2  3  4 |
---------------+-------------+-----
Ranged Weapons | 3 4 |  4.9
Fighting       | 2 |  2.0
Armour         | 1 |  1.1
Dodging        | |  1.5
Spellcasting   | |  1.0
Hexes          | |  2.6

Action                     |  1- 3 |  4- 6 || total
---------------------------+-------+-------++-------
   Fire: Sling             |    88 |    82 ||   170
    Use: Scroll            |     4 |     2 ||     6
 Armour: Robe              |     8 |     3 ||    11
         Ring mail         |       |    17 ||    17
  Dodge: Dodged            |    26 |    38 ||    64

Table legend:
 A = Non-vault XP
 B = Vault XP
 C = Vault XP percentage of total XP
 D = Non-vault monster count
 E = Vault monster count
 F = Vault count percentage of total count
                 A         B        C        D         E       F
            +---------+---------+-------+---------+---------+-------
      Total |     172 |      37 |  17.7 |      58 |       1 |   1.7
            +---------+---------+-------+---------+---------+-------
        D:1 |      33 |       0 |   0.0 |      20 |       0 |   0.0
        D:2 |      59 |      37 |  38.5 |      22 |       1 |   4.3
        D:3 |      80 |       0 |   0.0 |      16 |       0 |   0.0
            +---------+---------+-------+---------+---------+-------
